 Dungeon Crawl Stone Soup version 0.20.0-14-g326068f (webtiles) character file.

8651 septik the Severer (level 11, -2/136 HPs)
             Began as a Minotaur Berserker on June 8, 2017.
             Was a High Priest of Trog.
             Slain by a porcupine (4 damage)
             ... on level 9 of the Dungeon.
             The game lasted 00:26:06 (8750 turns).

septik the Severer (Minotaur Berserker)             Turns: 8750, Time: 00:26:07

Health: -2/136     AC: 10    Str: 31    XL:     11   Next: 12%
Magic:  10/10      EV: 14    Int:  4    God:    Trog [*****.]
Gold:   414        SH:  0    Dex: 11    Spells: 10/10 levels left

rFire    + + .     SeeInvis .   x - +0 whip of Zuuminigg {elec, rElec rPois Str+2 Stlth-} (curse)
rCold    . . .     Gourm    .   (no shield)
rNeg     . . .     Faith    .   f - +1 ring mail
rPois    +         Spirit   .   (helmet restricted)
rElec    +         Reflect  .   d - +0 cloak
rCorr    .         Harm     .   (no gloves)
MR       .....                  N - +0 pair of boots
Stlth    ..........             (no amulet)
Regen    0.4/turn               q - ring of protection from fire
MPRegen  0.2/turn               p - ring of protection from fire

@: berserking (expiring), very quick
A: retaliatory headbutt, horns 2
a: Berserk, Trog's Hand, Brothers in Arms, Burn Spellbooks, Renounce Religion


You were on level 9 of the Dungeon.
You worshipped Trog.
Trog was extremely pleased with you.
You were very hungry.

You visited 1 branch of the dungeon, and saw 9 of its levels.

You collected 414 gold pieces.

Inventory:

Hand Weapons
 k - a +0 hunting sling
 o - a cursed +5 battleaxe
 x - the cursed +0 whip of Zuuminigg (weapon) {elec, rElec rPois Str+2 Stlth-}
   (You found it on level 9 of the Dungeon)

   Occasionally, upon striking a foe, it will discharge some electrical energy
   and cause terrible harm.
   It affects your strength (+2).
   It insulates you from electricity.
   It protects you from poison.
   It makes you less stealthy.
   It has a curse placed upon it.
 J - a +5 war axe
 M - a cursed +4 hand axe
 O - a +3 war axe of electrocution
 T - a +3 hand axe of draining
Missiles
 e - 200 stones (quivered)
 m - 8 javelins of penetration
 F - a throwing net
Armour
 d - a +0 cloak (worn)
 f - a +1 ring mail (worn)
 y - a +0 plate armour
 N - a +0 pair of boots (worn)
 S - a +2 hat
Jewellery
 p - a ring of protection from fire (right hand)
 q - a ring of protection from fire (left hand)
 D - an uncursed amulet of magic regeneration {unknown}
 E - an uncursed ring of flight {unknown}
 G - an uncursed ring of ice {unknown}
Wands
 l - a wand of polymorph (13/24)
 v - a wand of iceblast (6/15)
 z - a wand of paralysis (16/24)
 A - a wand of disintegration (11/24)
 L - a wand of lightning (10/15)
 R - a wand of flame (24/48)
Scrolls
 a - a scroll of fear {unknown}
 r - 4 scrolls of teleportation
 s - a scroll of recharging
 u - a scroll of remove curse
 w - 8 scrolls of identify
 I - a scroll of magic mapping {unknown}
 P - a scroll of noise {unknown}
 Q - a scroll of enchant armour
Potions
 g - 3 potions of curing {unknown}
 i - a potion of cancellation {unknown}
 j - 3 potions of flight {unknown}
 n - a potion of mutation {unknown}
 C - a potion of agility {unknown}
 K - 2 potions of heal wounds {unknown}
Miscellaneous
 h - a sack of spiders
Comestibles
 b - 3 royal jellies
 c - 9 bread rations
 t - 6 fruits
 B - 3 meat rations
 H - 10 chunks of flesh


   Skills:
 - Level 6.9 Fighting
 * Level 16.9 Axes
 - Level 6.4 Armour
 - Level 6.1 Dodging


You had 10 spell levels left.
You didn't know any spells.

Dungeon Overview and Level Annotations

Branches:
Dungeon (9/15)             Temple (0/1) D:6            Lair (0/6) D:9
    Orc: D:9-12

Altars:
Ashenzari
Cheibriados
Fedhas
Gozag
Hepliaklqana
Nemelex Xobeh
Qazlal
Ru
Xom

Shops:
D:4 %

Annotations:
D:9 2 runed doors


Innate Abilities, Weirdness & Mutations

You reflexively headbutt those who attack you in melee.
You have a pair of horns on your head.


Message History

You barely miss the wolf. You headbutt the wolf.
You kill the wolf!
Trog accepts your kill.
Grum hits you from afar with an enchanted glaive!!
* * * LOW HITPOINT WARNING * * *
The porcupine bites you.
* * * LOW HITPOINT WARNING * * *
Found a copper ring.
You hit Grum.
Grum is lightly wounded.
The porcupine bites you but does no damage.
Grum hits you with an enchanted glaive!!
* * * LOW HITPOINT WARNING * * *
You whack Grum!
Grum is heavily wounded.
You whack Grum! Lightning courses through Grum!
You kill Grum!
Trog accepts your kill. The porcupine bites you.
You die...

....................
........####..####..#
........# #..# ..#
........# #..# ..#
........#
#..####..###
........#
#...#......##
........#
#.....P..P..P
........#
#...P.)...P..
........#
##....@PP..P.=
........#
#....r.PPP....
........#
#(.P.P.P.P....
........#


#.P.PPP.P..PPP ........# #..PPP......PP ........# #....P...P..PP
........###P.P...P.P(P.P ...........P.PPP.P.>P.P. .......####P..PPP...PP. You
could see a porcupine.

Vanquished Creatures
  The ghost of skittles the Arsonist, a journeyman DrFE of Vehumet (D:9)
  Erica (D:8)
  2 two-headed ogres (D:8)
  Joseph (D:9)
  Grinder (D:3)
  Prince Ribbit (D:9)
  3 hippogriffs
  A wyvern (D:9)
  A yak (D:9)
  A spriggan (D:7)
  Grum (D:9)
  A water moccasin (D:9)
  4 porcupines (D:9)
  2 ice beasts
  An orc warrior (D:7)
  A black bear (D:9)
  A necrophage (D:8)
  9 ogres
  3 wolves (D:9)
  A phantom (D:5)
  2 centaurs (D:8)
  A big kobold (D:8)
  3 bullfrogs (D:9)
  A gnoll sergeant (D:4)
  3 scorpions
  5 wights (D:8)
  A centaur zombie (D:9)
  6 hounds
  3 jellies
  Crazy Yiuf (D:2)
  6 orc priests
  6 orc wizards
  2 bullfrog skeletons
  3 iguanas
  9 worker ants
  2 hound zombies (D:8)
  2 hound skeletons
  2 worker ant zombies
  Robin (D:3)
  6 adders
  7 gnolls
  A shadow imp (D:9)
  3 oozes
  An adder zombie (D:9)
  2 worms
  2 dart slugs
  2 leopard geckos
  46 orcs
  2 ball pythons
  5 bats
  5 giant cockroaches
  11 goblins
  9 hobgoblins
  17 jackals
  4 quokkas
  2 frilled lizards (D:1)
  12 kobolds
  2 quokka skeletons (D:8)
  6 rats
241 creatures vanquished.

Vanquished Creatures (others)
  20 fungi (D:9)
  A plant (D:9)
21 creatures vanquished.

Grand Total: 262 creatures vanquished

Notes
Turn   | Place    | Note
-------+----------+-------------------------------------------
     0 | D:1      | septik the Minotaur Berserker began the quest for the Orb.
     0 | D:1      | Reached XP level 1. HP: 19/19 MP: 0/0
   215 | D:2      | Reached skill level 4 in Axes
   462 | D:2      | Reached XP level 2. HP: 25/26 MP: 1/1
   483 | D:2      | Reached skill level 5 in Axes
   485 | D:2      | Reached XP level 3. HP: 22/31 MP: 2/2
   704 | D:2      | Reached XP level 4. HP: 25/39 MP: 3/3
   705 | D:2      | Reached skill level 6 in Axes
   890 | D:2      | Found a runed door.
  1009 | D:2      | Reached ** piety under Trog
  1447 | D:2      | Noticed Crazy Yiuf
  1453 | D:2      | Killed Crazy Yiuf
  1705 | D:3      | Reached XP level 5. HP: 31/45 MP: 4/4
  1712 | D:3      | Reached skill level 7 in Axes
  1717 | D:3      | Noticed Robin
  1727 | D:3      | Killed Robin
  1976 | D:3      | Reached skill level 8 in Axes
  2009 | D:3      | Found a faded altar of an unknown god.
  2035 | D:3      | Reached XP level 6. HP: 49/51 MP: 5/5
  2043 | D:3      | Reached *** piety under Trog
  2072 | D:3      | Found a sacrificial altar of Ru.
  2103 | D:3      | Noticed Grinder
  2104 | D:3      | Paralysed by Grinder for 4 turns
  2110 | D:3      | Killed Grinder
  2110 | D:3      | Reached skill level 9 in Axes
  2303 | D:3      | Reached XP level 7. HP: 57/57 MP: 6/6
  2445 | D:4      | Found Butret's Food Boutique.
  2457 | D:4      | Found a sparkling altar of Nemelex Xobeh.
  2464 | D:4      | Found a shimmering altar of Xom.
  2464 | D:4      | Found a blossoming altar of Fedhas.
  2585 | D:4      | Reached skill level 10 in Axes
  3225 | D:5      | Entered Level 5 of the Dungeon
  3687 | D:5      | Reached skill level 11 in Axes
  3691 | D:5      | Reached **** piety under Trog
  3848 | D:5      | Reached XP level 8. HP: 33/64 MP: 7/7
  4290 | D:5      | Found a hazy altar of Hepliaklqana.
  4298 | D:5      | Reached skill level 12 in Axes
  4380 | D:5      | Found an opulent altar of Gozag.
  4990 | D:6      | Found a snail-covered altar of Cheibriados.
  5037 | D:6      | Found a staircase to the Ecumenical Temple.
  5042 | D:6      | Reached skill level 13 in Axes
  5525 | D:7      | Found a shattered altar of Ashenzari.
  5776 | D:7      | Noticed a hippogriff
  5785 | D:7      | Killed a hippogriff
  5785 | D:7      | Reached skill level 14 in Axes
  5785 | D:7      | Reached XP level 9. HP: 44/70 MP: 8/8
  5962 | D:7      | Found a stormy altar of Qazlal.
  6534 | D:8      | Noticed a two-headed ogre
  6539 | D:8      | Killed a two-headed ogre
  6539 | D:8      | Reached skill level 5 in Fighting
  6556 | D:8      | Noticed Erica
  6556 | D:8      | Noticed a two-headed ogre
  6561 | D:8      | Killed a two-headed ogre
  6561 | D:8      | Reached skill level 5 in Armour
  6561 | D:8      | Reached skill level 5 in Dodging
  6566 | D:8      | Killed Erica
  6566 | D:8      | Reached ***** piety under Trog
  6566 | D:8      | Reached XP level 10. HP: 71/84 MP: 9/9
  7864 | D:9      | Received a gift from Trog
  7902 | D:9      | Reached skill level 15 in Axes
  7910 | D:9      | Noticed Joseph
  7922 | D:9      | Killed Joseph
  8285 | D:9      | Reached skill level 16 in Axes
  8373 | D:9      | Noticed skittles's ghost (journeyman DrFE)
  8380 | D:9      | Noticed Prince Ribbit
  8383 | D:9      | Killed Prince Ribbit
  8399 | D:9      | Killed skittles's ghost
  8399 | D:9      | Reached XP level 11. HP: 60/91 MP: 10/10
  8615 | D:9      | Found a runed door.
  8615 | D:9      | Found a runed door.
  8615 | D:9      | Noticed a two-headed ogre
  8616 | D:9      | Noticed a two-headed ogre
  8686 | D:9      | Got an iridescent whip
  8688 | D:9      | Identified the cursed +0 whip of Zuuminigg {elec, rElec rPois Str+2 Stlth-} (You found it on level 9 of the Dungeon)
  8720 | D:9      | Found a staircase to the Lair.
  8724 | D:9      | Noticed Grum
  8748 | D:9      | HP: 1/136 [Grum/enchanted glaive (21)]
  8750 | D:9      | Killed Grum
  8750 | D:9      | Slain by a porcupine

Skill      XL: |  1  2  3  4  5  6  7  8  9 10 |
---------------+-------------------------------+-----
Axes           | 4 5 6 8 9 11 14 16 | 16.9
Armour         | 6 |  6.4
Fighting       | 6 |  6.9
Dodging        | 5 6 |  6.1

Action                   |  1- 3 |  4- 6 |  7- 9 | 10-12 || total
-------------------------+-------+-------+-------+-------++-------
Melee: Hand axe          |    62 |   139 |   270 |    58 ||   529
       Headbutt          |    11 |    21 |    65 |    21 ||   118
       War axe           |       |       |       |    94 ||    94
       Whip              |       |       |       |    27 ||    27
Invok: Berserk           |       |     2 |     1 |     2 ||     5
       Burn Spellbooks   |       |       |     1 |     2 ||     3
  Use: Scroll            |       |     4 |     2 |       ||     6
  Eat: Chunk             |       |     6 |    14 |     8 ||    28
Armor: Animal skin       |    11 |     7 |       |       ||    18
       Ring mail         |       |     4 |     2 |    56 ||    62
       Chain mail        |       |     4 |    91 |       ||    95
Dodge: Dodged            |    32 |    80 |    73 |   100 ||   285
